Map: Whirlwind LE (Void)

Players

ReeKo - Winner!

  • Race: Terran Terran
  • League: Diamond
  • Spawn Location: 11:00

Jeffe

  • Race: Zerg Zerg
  • League: Diamond
  • Spawn Location: 1:00

VOD

Have the link to the VOD?

Description

Time

  • Played on: Jan. 6, 2017, 8:49 a.m.
  • Length: 10:36
Show
View Real Time Build Order
Export as new Build Order

ReeKo Terran - Winner!

Build Orders: Reaper Expand, MMM Bio 

Get SALT Encoding   

  12  0:00  SCV  
  13  0:12  SCV  
  14  0:22  Supply Depot  
  14  0:25  SCV  
  15  0:43  SCV  
  15  0:45  Barracks  
  16  0:52  Refinery  
  16  0:58  SCV  
  17  1:10  SCV  
  18  1:22  SCV  
  19  1:35  Reaper  
  19  1:36  Orbital Command  
  20  1:46  Command Center  
  20  1:59  Supply Depot  
  20  2:02  SCV  
  21  2:12  Barracks Reactor  
  21  2:14  SCV  
  22  2:15  Barracks  
  22  2:26  SCV  
  23  2:38  SCV  
  24  2:50  SCV  
  24  2:51  Marine x2  
  27  3:02  SCV  
  28  3:05  Orbital Command  
  28  3:09  Marine, Barracks Tech Lab  
  28  3:10  Marine  
  30  3:14  SCV  
  30  3:16  Refinery, Factory  
  31  3:26  SCV  
  32  3:27  Stimpack, Marine x2  
  32  3:28  Marine  
  32  3:33  SCV  
  36  3:34  Barracks  
  35  3:44  SCV  
  35  3:45  Marine x2  
  35  3:46  Marine  
  39  3:52  Supply Depot  
  39  3:54  Supply Depot  
  39  3:56  SCV  
  39  3:59  SCV  
  41  4:03  Factory Reactor, Marine  
  41  4:07  Starport  
  41  4:08  SCV  
  43  4:11  SCV  
  43  4:12  Refinery  
  43  4:13  Marine  
  43  4:15  Marine  
  46  4:20  SCV  
  46  4:22  Marine  
  49  4:25  Barracks Reactor  
  49  4:26  SCV  
  49  4:32  SCV  
  49  4:33  Marine x2  
  49  4:34  Supply Depot  
  52  4:38  SCV  
  52  4:40  Marine  
  52  4:44  SCV  
  55  4:49  Factory Tech Lab  
  55  4:50  SCV, Medivac  
  55  4:51  Marine x2, Medivac  
  62  4:56  SCV  
  62  4:57  Supply Depot, Marine  
  64  5:02  SCV, Supply Depot  
  64  5:06  Marine x2  
  67  5:09  Marine  
  67  5:11  Marine  
  67  5:12  SCV  
  70  5:17  Supply Depot  
  70  5:20  Medivac  
  70  5:21  Marine, Medivac  
  74  5:22  Supply Depot  
  74  5:24  Marine  
  74  5:27  Combat Shields  
  76  5:35  Marine x3  
  77  5:37  SCV  
  77  5:38  SCV  
  77  5:42  Engineering Bay  
  81  5:44  Marine  
  81  5:45  Engineering Bay, Marine  
  81  5:49  SCV  
  84  5:50  SCV  
  84  5:51  Supply Depot  
  84  5:54  Marine x2  
  84  5:55  Supply Depot  
  87  6:01  SCV  
  87  6:02  SCV  
  87  6:04  Marine x2  
  87  6:05  Marine  
  89  6:11  Medivac  
  89  6:12  Marine, Medivac  
  89  6:13  Marine  
  90  6:22  Marine x2  
  90  6:23  Marine  
  88  6:30  Terran Infantry Weapons Level 1, Marine  
  88  6:31  Marine, Terran Infantry Armor Level 1  
  90  6:36  Command Center  
  90  6:37  SCV x2  
  95  6:40  Siege Tank, Marine  
  95  6:44  Marine x2  
  98  6:47  Marine  
  98  6:49  SCV x2  
  98  6:50  Supply Depot  
  98  6:53  Marine  
  102  6:59  Armory  
  102  7:05  Marine x2  
  102  7:07  Barracks, Marine  
  105  7:08  Barracks  
  98  7:17  Marine x2  
  79  7:22  Marine  
  79  7:23  Marine  
  79  7:24  Marine  
  79  7:26  Siege Tank  
  85  7:31  Concussive Shells  
  85  7:35  Marine x2  
  87  7:39  SCV  
  87  7:40  Marine x2  
  87  7:42  Marine  
  87  7:43  Factory  
  91  7:46  Barracks  
  91  7:53  Marine x2  
  91  7:56  Barracks Reactor x2  
  91  7:58  SCV x2, Marine x2  
  95  8:00  Marine  
  98  8:10  Marine x2  
  99  8:14  Missile Turret  
  99  8:16  Siege Tank, Marine, Refinery  
  99  8:19  Refinery  
  101  8:24  Marine x2, Medivac x2  
  107  8:28  Marine x2  
  107  8:29  SCV x2  
  107  8:31  SCV  
  112  8:34  Marine  
  112  8:35  Marine x3  
  112  8:36  Barracks Tech Lab  
  112  8:37  Marine  
  112  8:41  SCV x2, Refinery  
  117  8:42  Marine x2  
  117  8:43  SCV  
  117  8:46  Supply Depot  
  122  8:48  Siege Tank  
  122  8:54  Marine  
  122  8:55  Marine x4  
  128  9:02  Medivac x2  
  132  9:06  SCV  
  132  9:07  SCV  
  132  9:08  Orbital Command  
  134  9:14  Marine x3  
  137  9:18  SCV  
  137  9:21  Siege Tank  
  137  9:22  Factory Tech Lab  
  141  9:46  Supply Depot  
  141  9:47  Supply Depot  
  141  9:50  Barracks x2  
  141  9:52  Barracks, Supply Depot  
  141  10:07  Marine  
  141  10:08  SCV x2, Marine  
  141  10:09  SCV  
  141  10:11  Marine x2  
  141  10:12  Marine x2  
  141  10:14  Marine x2  
  159  10:20  SCV  
Show
View Real Time Build Order
Export as new Build Order

Jeffe Zerg 

Build Orders: Hatch First 

Get SALT Encoding   

  12  0:01  Drone  
  13  0:08  Drone  
  14  0:21  Extractor  
  14  0:22  Drone  
  14  0:23  Extractor, Drone  
  14  0:26  Overlord  
  16  0:45  Drone x2  
  18  0:58  Hatchery  
  18  0:59  Drone  
  18  1:07  Drone  
  19  1:15  Spawning Pool  
  19  1:18  Drone  
  19  1:21  Extractor  
  18  1:27  Drone  
  19  1:37  Drone  
  20  1:50  Overlord  
  20  2:01  Queen  
  22  2:08  Zergling x2  
  22  2:11  Queen, Zergling x2  
  22  2:12  Drone  
  27  2:21  Drone x2  
  27  2:22  Metabolic Boost  
  29  2:31  Drone x2  
  31  2:40  Queen  
  33  2:46  Drone  
  34  2:54  Drone x2  
  36  3:05  Hatchery  
  36  3:09  Drone  
  36  3:10  Overlord  
  36  3:22  Roach Warren, Overlord  
  36  3:24  Extractor  
  36  3:26  Queen  
  36  3:37  Drone  
  36  3:38  Drone x6  
  43  3:45  Extractor, Drone  
  43  3:55  Overlord  
  43  3:58  Zergling x4  
  43  3:59  Drone  
  43  4:00  Drone x3  
  48  4:12  Roach  
  48  4:13  Roach x2  
  54  4:21  Queen  
  56  4:37  Spore Crawler  
  55  4:47  Drone x2  
  55  4:48  Drone x8  
  55  4:50  Extractor  
  64  4:56  Overlord x2  
  64  5:03  Lair  
  64  5:09  Pneumatized Carapace  
  64  5:20  Roach x7  
  64  5:21  Roach x2  
  81  5:36  Evolution Chamber  
  81  5:37  Evolution Chamber, Extractor  
  81  5:39  Overlord  
  81  5:40  Overlord, Drone  
  81  5:41  Drone x3  
  82  5:54  Ravager  
  82  5:57  Overlord x2  
  81  6:05  Roach x7  
  85  6:28  Ravager x2  
  87  6:33  Ravager x2  
  87  6:34  Ravager  
  87  6:35  Ravager  
  87  6:36  Ravager x3  
  87  6:37  Roach  
  87  6:38  Roach x6  
  108  6:48  Queen  
  110  6:56  Zerg Missile Weapons Level 1  
  110  6:57  Roach x2  
  110  6:59  Overlord x3  
  87  7:30  Roach  
  87  7:31  Roach x9  
  107  7:59  Zergling x2  
  107  8:00  Zergling x14  
  115  8:08  Ravager x9  
  102  8:39  Roach x5  
  102  8:40  Roach x4  
  88  9:05  Zergling x2  
  88  9:06  Zergling x10  
  88  9:08  Ravager  
  88  9:09  Ravager x3  
  94  9:13  Baneling Nest  
  87  9:23  Roach  
  87  9:24  Roach x5  
  99  9:41  Queen  
  99  9:43  Drone x2  
  99  9:44  Drone  
  103  9:53  Drone x2  
  103  9:54  Drone  
  103  9:55  Queen  
  108  10:01  Baneling x3  
  108  10:02  Baneling x7  
  108  10:12  Ravager x4  
Tags
 
Add a new tag
Caveats
  • Supply blocks, unpowered buildings, or Contaminate may cause inaccurate times.
  • Supply counts are checked every 10 seconds.